Map: Grausteinklamm

Players

Stormrage - Winner!

  • Race: Terran Terran
  • Spawn Location: 9:00

Radnez - Winner!

  • Race: Terran Terran
  • League: Bronze
  • Spawn Location: 11:00

Maximus

  • Race: Protoss Protoss
  • Spawn Location: 3:00

ptrchr

  • Race: Protoss Protoss
  • Spawn Location: 5:00

VOD

Have the link to the VOD?

Description

Time

  • Played on: June 30, 2024, 4:06 p.m.
  • Length: 31:10
Show
View Real Time Build Order
Export as new Build Order

Stormrage Terran - Winner!

Build Orders: Mech 

Get SALT Encoding   

  12  0:00  SCV  
  13  0:17  Supply Depot  
  13  0:48  Supply Depot  
  13  0:58  SCV  
  14  1:10  SCV  
  15  1:15  Barracks  
  15  1:17  Barracks  
  15  1:32  SCV, Barracks  
  16  1:44  SCV  
  16  1:46  Refinery  
  17  1:47  Refinery  
  17  1:55  Barracks  
  17  1:56  SCV  
  18  2:08  SCV  
  19  2:21  SCV  
  20  2:35  SCV  
  21  2:38  Barracks Reactor  
  21  2:42  Engineering Bay  
  21  2:44  Barracks Reactor  
  21  2:47  SCV  
  22  2:59  SCV  
  23  3:10  Missile Turret  
  23  3:11  SCV  
  24  3:23  SCV  
  25  3:29  Reaper x2  
  25  3:30  Reaper x2  
  29  3:35  Supply Depot  
  29  3:38  Missile Turret  
  29  3:58  Missile Turret  
  29  4:01  Reaper x2  
  29  4:02  Reaper x2  
  33  4:04  Factory  
  33  4:16  SCV  
  34  4:19  Missile Turret  
  34  4:33  Reaper x2  
  34  4:34  Reaper  
  37  4:45  Missile Turret  
  37  4:46  Command Center  
  37  4:47  Factory Tech Lab  
  37  5:05  SCV  
  38  5:08  Factory  
  38  5:17  SCV  
  38  5:21  Missile Turret  
  39  5:36  Orbital Command  
  39  5:38  Supply Depot  
  39  5:42  Missile Turret  
  39  5:54  Armory  
  39  5:57  Siege Tank  
  38  6:20  SCV  
  38  6:24  Supply Depot  
  39  6:26  Factory Tech Lab  
  39  6:32  SCV  
  40  6:44  SCV  
  40  6:46  Factory  
  41  6:56  SCV  
  41  6:57  Terran Infantry Weapons Level 1  
  41  6:58  Thor  
  48  7:03  SCV  
  48  7:08  SCV  
  50  7:15  SCV  
  50  7:20  SCV, Missile Turret  
  52  7:23  Thor  
  52  7:28  SCV  
  59  7:32  SCV  
  59  7:33  Refinery  
  60  7:38  Factory Tech Lab  
  60  7:42  Refinery  
  60  7:43  Barracks Tech Lab x2  
  60  7:44  SCV  
  61  8:05  SCV  
  62  8:08  Thor  
  68  8:15  Marauder  
  68  8:19  Supply Depot  
  70  8:20  Marauder  
  70  8:24  Orbital Command, Supply Depot  
  72  8:29  Command Center  
  72  8:36  Marauder  
  74  8:42  Marauder, Supply Depot  
  74  8:46  Thor  
  82  8:49  Supply Depot  
  82  8:55  Thor  
  88  9:06  Terran Vehicle Weapons Level 1  
  88  10:00  Supply Depot  
  88  10:05  Thor x3  
  106  10:12  Missile Turret  
  108  10:14  Marauder x2  
  108  10:18  Refinery  
  108  10:21  Missile Turret  
  110  10:33  Planetary Fortress  
  112  10:36  Marauder x2  
  114  10:44  Refinery  
  114  10:45  Supply Depot  
  114  11:10  Marauder  
  114  11:11  Marauder  
  118  11:15  Terran Vehicle Weapons Level 2  
  118  11:18  Terran Infantry Weapons Level 2  
  118  11:20  Concussive Shells  
  118  11:27  Thor  
  118  11:32  Marauder x2  
  128  11:42  Missile Turret  
  128  11:45  Thor  
  134  11:51  Supply Depot  
  134  11:53  Marauder x2  
  138  12:13  Supply Depot  
  138  12:22  Thor  
  144  12:24  Marauder  
  144  12:25  Marauder  
  148  12:32  Supply Depot  
  148  12:35  Thor x2  
  160  12:40  Supply Depot  
  160  13:00  Marauder  
  160  13:01  Marauder  
  164  13:07  Siege Tank  
  167  13:22  Marauder x2  
  107  13:43  Marauder x2  
  59  14:06  Marauder x2  
  59  14:08  Thor x2  
  56  14:27  Marauder x2  
  60  14:47  Thor  
  60  14:48  Marine x2  
  68  15:06  Marine x2  
  70  15:10  Siege Tank  
  70  15:11  Siege Tank  
  76  15:23  Marine  
  76  15:24  Marine  
  76  15:26  SCV  
  79  15:31  Siege Tank  
  82  15:38  SCV  
  82  15:41  Marine x2  
  82  15:42  Thor  
  85  15:45  Terran Vehicle Weapons Level 3  
  91  15:50  SCV, Thor  
  98  15:59  Marine x2  
  98  16:02  Thor  
  66  16:25  Thor  
  53  16:33  Thor  
  53  16:36  Marine  
  53  16:37  Marine  
  61  16:45  Thor  
  67  16:54  Marine x2  
  69  17:08  Thor  
  75  17:12  Marine x2  
  77  17:16  Widow Mine  
  79  17:29  Widow Mine  
  80  17:30  Marine x2  
  54  17:38  Widow Mine  
  32  17:48  Marine x2  
  32  17:50  Widow Mine  
  22  17:51  Widow Mine  
  21  17:59  Widow Mine, Missile Turret  
  23  18:06  Marauder x2  
  23  18:11  Widow Mine  
  31  18:13  Widow Mine  
  31  18:20  Widow Mine  
  33  18:27  Marauder  
  33  18:28  Marauder  
  37  18:48  Marine x2  
  39  19:16  Command Center  
  39  19:20  Siege Tank  
  42  19:48  Refinery  
  42  19:54  Marine x2  
  44  20:12  Marine x2, Refinery  
  46  20:30  Marine x2  
  48  20:38  SCV  
  49  20:47  Marine  
  49  20:48  Marine  
  51  20:51  SCV  
  52  21:03  SCV  
  53  21:05  Marine  
  53  21:06  Marine  
  55  21:15  SCV  
  52  21:23  Marine  
  52  21:24  Marine  
  54  21:27  SCV, Siege Tank  
  58  21:33  Command Center  
  58  21:39  SCV  
  59  21:41  Marine x2  
  61  21:51  SCV  
  61  21:52  Thor  
  68  21:59  Marine x2  
  70  22:03  SCV  
  71  22:13  Siege Tank  
  75  22:15  SCV  
  75  22:16  Marine  
  75  22:17  Marine  
  77  22:27  SCV  
  78  22:39  SCV  
  27  23:04  Thor  
  32  23:24  Planetary Fortress  
  29  24:07  SCV  
  30  24:13  Orbital Command  
  30  24:19  SCV  
  30  24:24  SCV  
  32  24:31  SCV  
  34  24:44  SCV  
  21  25:10  Thor  
  21  25:11  Thor  
  21  25:13  Marine x2  
  14  25:30  Marine  
  14  25:31  Marine  
  16  25:48  Marine  
  16  25:49  Marine  
  18  26:06  Marine  
  18  26:07  Marine  
  10  26:24  Marine x2  
  12  26:43  Marauder  
  14  27:04  Marauder  
  11  27:26  Marauder  
  2  28:43  Marine  
  2  28:44  Marine  
  4  29:01  Marine  
  4  29:02  Marine  
  2  29:19  Marine x2  
  4  29:37  Marine  
  4  29:55  Marine  
  4  30:25  Marine  
Show
View Real Time Build Order
Export as new Build Order

Radnez Terran - Winner!

Build Orders:  

Get SALT Encoding   

  12  0:02  SCV  
  14  0:14  SCV  
  14  0:32  Supply Depot  
  14  0:34  SCV  
  15  0:54  SCV  
  16  0:59  Barracks x2  
  16  1:06  SCV  
  17  1:18  SCV  
  18  1:27  Supply Depot  
  18  1:38  SCV  
  19  1:48  Barracks  
  19  1:55  Marine  
  20  2:02  Barracks  
  20  2:13  Marine  
  20  2:14  Marine  
  22  2:31  Marine  
  22  2:32  Marine  
  24  2:45  Marine, Supply Depot x2  
  24  2:49  Marine x2  
  26  3:03  Marine  
  27  3:06  Marine  
  27  3:07  Marine x2  
  29  3:21  Marine  
  29  3:24  Marine  
  29  3:25  Marine x2  
  18  4:17  Refinery  
  18  4:18  Refinery  
  18  4:49  SCV  
  18  4:51  Command Center  
  19  5:01  SCV  
  19  5:04  Command Center  
  20  5:13  SCV  
  21  5:25  SCV  
  21  5:26  Command Center  
  22  5:41  Factory  
  22  5:42  Orbital Command  
  22  6:04  Refinery  
  22  6:05  SCV  
  22  6:07  Refinery  
  23  6:11  SCV  
  23  6:17  SCV  
  25  6:18  SCV  
  25  6:24  SCV  
  27  6:29  SCV  
  27  6:30  SCV  
  27  6:31  Armory  
  29  6:36  SCV  
  29  6:37  Armory  
  30  6:41  SCV  
  30  6:43  SCV x2  
  33  6:48  SCV  
  33  6:53  SCV  
  35  6:55  SCV x2  
  35  7:00  SCV  
  38  7:05  SCV  
  38  7:07  SCV x2  
  41  7:17  SCV  
  41  7:19  SCV x2  
  44  7:27  Terran Vehicle And Ship Armor Level 1, Terran Ship Weapons Level 1  
  44  7:29  SCV  
  45  7:31  SCV x2  
  47  7:37  Starport  
  47  7:39  Starport  
  47  7:43  Starport, SCV  
  50  7:45  Starport  
  48  7:55  SCV  
  40  8:25  Fusion Core, Starport Tech Lab x3  
  40  8:26  Starport Tech Lab  
  40  8:59  SCV  
  40  9:01  SCV  
  42  9:11  SCV  
  42  9:13  SCV  
  44  9:17  Command Center  
  44  9:19  Battlecruiser x2  
  44  9:23  SCV  
  57  9:26  Weapon Refit  
  57  9:47  Terran Ship Weapons Level 2  
  57  9:48  Terran Vehicle And Ship Armor Level 2  
  57  10:04  Battlecruiser  
  63  10:29  Command Center  
  63  10:36  Engineering Bay  
  63  10:40  Battlecruiser  
  69  10:46  Supply Depot  
  69  10:49  Supply Depot  
  69  10:50  Supply Depot  
  69  10:52  Supply Depot  
  69  10:57  Orbital Command  
  69  11:03  SCV  
  70  11:11  Supply Depot  
  70  11:12  Supply Depot  
  70  11:14  Hi-Sec Auto Tracking  
  70  11:16  SCV  
  72  11:35  Orbital Command  
  71  11:44  Refinery  
  71  11:51  Planetary Fortress  
  71  11:57  Battlecruiser  
  77  12:08  SCV, Refinery  
  77  12:09  Refinery  
  77  12:10  Refinery  
  77  12:11  Neosteel Armor  
  78  12:21  SCV, Terran Ship Weapons Level 3, Terran Vehicle And Ship Armor Level 3  
  79  12:29  SCV  
  80  12:33  SCV  
  81  12:41  SCV  
  82  12:45  SCV  
  83  12:54  SCV  
  83  12:57  SCV  
  85  13:04  Refinery  
  86  13:06  Battlecruiser x2, SCV  
  86  13:09  SCV  
  98  13:18  SCV  
  99  13:21  SCV  
  100  13:27  Missile Turret  
  100  13:30  SCV  
  100  13:31  Missile Turret  
  100  13:33  SCV  
  102  13:34  Battlecruiser  
  108  13:42  SCV  
  108  13:48  Missile Turret  
  103  13:54  SCV  
  98  13:55  Missile Turret  
  86  14:11  Battlecruiser x3, Missile Turret  
  86  14:16  Missile Turret  
  104  14:38  Battlecruiser  
  104  14:40  SCV  
  111  14:51  SCV  
  111  14:52  SCV  
  113  15:03  SCV  
  113  15:04  SCV  
  115  15:09  SCV  
  116  15:15  Battlecruiser, SCV  
  116  15:16  SCV  
  124  15:22  SCV  
  124  15:25  Refinery  
  124  15:26  Refinery  
  124  15:27  Battlecruiser x2, SCV  
  137  15:28  SCV  
  137  15:34  SCV  
  135  15:39  SCV  
  133  15:43  Battlecruiser  
  133  15:46  SCV  
  140  15:52  SCV  
  141  15:58  SCV  
  141  16:04  SCV  
  143  16:16  SCV  
  108  16:28  SCV  
  103  16:40  SCV  
  103  16:44  Battlecruiser x3  
  122  16:47  Battlecruiser  
  122  17:48  Battlecruiser x2  
  122  17:49  Battlecruiser  
  104  18:14  Battlecruiser  
  93  18:52  Battlecruiser  
  93  18:53  Battlecruiser x2  
  99  19:18  Battlecruiser  
  105  19:33  Supply Depot  
  105  19:35  Supply Depot  
  105  19:36  Supply Depot  
  105  19:37  Supply Depot  
  105  19:38  Supply Depot  
  105  19:40  Supply Depot  
  105  19:41  Supply Depot  
  105  19:42  Supply Depot  
  105  19:43  Supply Depot  
  105  19:57  Battlecruiser x3  
  117  20:00  Supply Depot x2  
  105  20:22  Battlecruiser  
  105  21:01  Battlecruiser x2  
  117  21:24  Battlecruiser  
  117  22:12  Battlecruiser  
  123  23:17  Battlecruiser  
  121  23:57  Battlecruiser  
  78  26:38  Orbital Command  
Show
View Real Time Build Order
Export as new Build Order

Maximus Protoss 

Build Orders:  

Get SALT Encoding   

  12  0:00  Probe  
  13  0:13  Probe  
  14  0:25  Probe (Chrono Boost)  
  15  0:29  Pylon  
  15  0:47  Probe  
  16  0:56  Gateway  
  16  0:59  Probe  
  17  1:11  Probe  
  18  1:23  Probe  
  19  1:26  Pylon  
  19  1:30  Assimilator  
  19  1:32  Assimilator  
  19  1:35  Probe (Chrono Boost)  
  20  1:44  Cybernetics Core  
  20  1:47  Probe (Chrono Boost)  
  21  1:48  Gateway  
  21  1:50  Gateway  
  21  1:51  Probe (Chrono Boost)  
  22  2:01  Probe  
  22  2:08  Zealot  
  25  2:13  Probe  
  26  2:16  Pylon  
  26  2:18  Warp Gate (Chrono Boost)  
  26  2:26  Probe  
  27  2:38  Probe  
  27  2:41  Stalker  
  30  2:48  Gateway  
  30  2:50  Probe  
  31  2:59  Zealot x2  
  31  3:20  Probe  
  25  3:32  Probe  
  21  3:44  Probe (Chrono Boost)  
  22  3:57  Probe (Chrono Boost)  
  23  4:04  Probe (Chrono Boost)  
  24  4:11  Probe (Chrono Boost)  
  25  4:22  Zealot x2  
  25  4:23  Probe (Chrono Boost)  
  30  4:29  Probe (Chrono Boost)  
  31  4:36  Pylon  
  31  4:54  Probe  
  32  5:06  Probe  
  33  5:10  Stalker  
  33  5:12  Stalker  
  37  5:15  Pylon  
  37  5:18  Probe (Chrono Boost)  
  38  5:26  Pylon  
  39  5:30  Probe (Chrono Boost)  
  39  5:35  Probe (Chrono Boost)  
  39  5:42  Stalker x3  
  46  5:55  Nexus  
  46  6:14  Stalker x2  
  46  6:18  Probe (Chrono Boost)  
  51  6:30  Probe (Chrono Boost)  
  52  6:34  Twilight Council  
  52  6:37  Probe (Chrono Boost)  
  53  6:44  Pylon, Probe  
  54  6:59  Probe  
  55  7:05  Stalker  
  57  7:09  Probe  
  57  7:11  Probe  
  59  7:21  Probe  
  60  7:23  Probe  
  61  7:30  Pylon  
  61  7:33  Zealot x3  
  61  7:35  Probe  
  68  7:42  Probe  
  69  7:48  Probe  
  70  7:54  Probe  
  71  8:05  Blink (Chrono Boost)  
  71  8:10  Stalker x3  
  77  8:13  Probe  
  77  8:14  Probe  
  77  8:19  Pylon  
  79  8:25  Probe  
  79  8:26  Probe  
  81  8:30  Robotics Facility  
  81  8:31  Assimilator  
  81  8:38  Probe x2  
  81  8:39  Assimilator  
  83  8:45  Nexus  
  83  8:50  Probe x2  
  85  9:02  Probe x2  
  87  9:04  Stalker x2  
  91  9:14  Gateway  
  91  9:15  Gateway  
  91  9:20  Observer  
  92  9:38  Observer  
  93  9:52  Forge  
  93  9:56  Forge  
  93  9:59  Assimilator  
  93  10:01  Probe  
  93  10:02  Assimilator, Probe  
  93  10:04  Pylon  
  95  10:07  Stalker x3  
  95  10:10  Stalker  
  95  10:11  Stalker  
  105  10:14  Probe  
  105  10:17  Forge  
  106  10:22  Probe  
  106  10:23  Probe  
  106  10:26  Probe  
  106  10:27  Observer  
  110  10:34  Probe  
  110  10:35  Probe  
  112  10:46  Protoss Ground Weapons Level 1 (Chrono Boost)  
  112  10:47  Protoss Ground Armor Level 1 (Chrono Boost)  
  112  10:57  Stalker  
  112  10:58  Stalker  
  112  11:03  Pylon  
  115  11:05  Pylon  
  115  11:10  Observer  
  116  11:21  Probe x2  
  116  11:22  Probe  
  119  11:34  Probe  
  120  11:43  Protoss Shields Level 1 (Chrono Boost)  
  120  11:44  Stalker x5  
  130  11:50  Pylon  
  130  11:52  Pylon  
  130  12:04  Pylon  
  130  12:11  Stalker x4  
  130  12:12  Stalker  
  130  12:14  Immortal  
  144  12:23  Robotics Facility  
  144  12:25  Robotics Facility  
  144  12:26  Pylon  
  144  12:29  Probe (Chrono Boost)  
  146  12:35  Probe x2 (Chrono Boost)  
  147  12:40  Observer, Probe (Chrono Boost), Nexus  
  147  12:42  Pylon  
  147  12:44  Probe x2 (Chrono Boost)  
  150  12:45  Probe (Chrono Boost), Pylon  
  150  12:48  Assimilator  
  150  12:51  Pylon  
  151  12:53  Assimilator  
  151  12:54  Probe  
  152  13:03  Stalker x5  
  152  13:05  Protoss Ground Armor Level 2 (Chrono Boost)  
  162  13:11  Protoss Ground Weapons Level 2 (Chrono Boost)  
  136  13:43  Stalker x5  
  104  14:06  Stalker x4  
  104  14:09  Immortal (Chrono Boost)  
  105  14:10  Immortal x2 (Chrono Boost)  
  117  14:30  Stalker x5  
  117  14:31  Stalker  
  129  14:42  Immortal x2 (Chrono Boost)  
  129  14:43  Immortal (Chrono Boost)  
  141  14:59  Stalker x3  
  147  15:00  Stalker x3  
  153  15:07  Probe x4  
  157  15:18  Immortal (Chrono Boost)  
  157  15:19  Probe x4  
  157  15:20  Immortal x2 (Chrono Boost)  
  173  15:44  Stalker x3  
  173  15:45  Stalker x3  
  185  16:04  Gateway  
  135  16:43  Stalker x6  
  147  17:08  Stalker x4  
  149  17:09  Stalker x3  
  159  17:16  Gateway  
  159  17:21  Nexus  
  159  17:22  Pylon  
  143  17:31  Stalker  
  143  17:32  Stalker x6  
  134  18:03  Immortal x3  
  134  18:05  Stalker  
  144  18:07  Stalker x3  
  146  18:33  Stalker x5  
  156  18:42  Immortal x3  
  162  19:10  Stalker x2  
  162  19:11  Pylon, Stalker x3  
  162  19:16  Pylon  
  162  19:17  Gateway  
  172  19:21  Assimilator  
  172  19:22  Assimilator  
  172  19:23  Gateway  
  172  19:24  Gateway  
  172  19:25  Pylon x2  
  172  19:26  Gateway  
  172  19:37  Immortal x2  
  165  19:58  Stalker x5  
  152  20:12  Stalker x2  
  134  20:41  Stalker  
  134  20:42  Stalker x3  
  142  20:55  Observer, Immortal  
  143  21:33  Observer  
  143  21:37  Stalker x2  
  143  21:38  Stalker x4  
  154  22:17  Probe  
  154  22:22  Stalker  
  157  22:28  Nexus  
  157  22:29  Pylon  
  158  22:30  Probe  
  156  23:00  Stalker  
  156  23:01  Stalker x4  
  156  23:02  Stalker  
  168  23:16  Probe  
  169  23:24  Stalker x2  
  169  23:26  Probe x3  
  176  23:28  Probe  
  177  23:39  Stalker x2  
  175  24:13  Stalker x2  
  175  24:14  Stalker x4  
  135  24:52  Pylon  
  129  24:54  Pylon  
  129  24:57  Pylon  
  106  25:09  Stalker x2  
  87  25:35  Probe  
  88  25:47  Probe  
  69  25:59  Probe  
  34  26:23  Probe  
  23  26:26  Stalker  
  25  26:36  Probe  
  26  26:44  Probe  
  27  26:48  Probe  
  28  26:56  Probe  
  28  27:00  Probe  
  30  27:08  Probe  
  31  27:12  Probe  
  32  27:20  Probe  
  33  27:24  Probe  
  34  27:36  Probe  
  27  27:48  Probe  
  28  27:52  Stalker x2  
  28  27:53  Stalker x2  
  36  28:00  Probe, Stalker x3  
  36  28:01  Stalker  
  45  28:12  Probe  
  46  28:13  Assimilator  
  46  28:24  Probe  
  46  28:26  Stalker x3  
  53  28:40  Stalker  
  19  30:21  Observer  
Show
View Real Time Build Order
Export as new Build Order

ptrchr Protoss 

Build Orders:  

Get SALT Encoding   

  12  0:00  Probe  
  13  0:18  Probe (Chrono Boost)  
  15  0:29  Pylon  
  15  0:30  Probe (Chrono Boost)  
  15  0:41  Assimilator  
  15  0:48  Probe  
  16  1:00  Probe (Chrono Boost)  
  17  1:08  Forge  
  17  1:11  Probe (Chrono Boost)  
  17  1:16  Probe (Chrono Boost), Pylon  
  18  1:26  Probe  
  19  1:39  Probe  
  20  1:45  Gateway  
  20  1:50  Photon Cannon  
  20  1:56  Photon Cannon  
  20  2:05  Probe (Chrono Boost)  
  21  2:11  Pylon  
  21  2:16  Assimilator  
  21  2:17  Probe (Chrono Boost)  
  22  2:33  Photon Cannon  
  22  2:44  Probe  
  23  2:45  Zealot  
  25  3:01  Gateway  
  25  3:19  Pylon  
  25  3:21  Pylon  
  25  3:29  Zealot  
  27  3:37  Pylon  
  27  3:42  Photon Cannon  
  27  3:44  Photon Cannon  
  27  3:47  Pylon  
  27  3:48  Protoss Ground Weapons Level 1 (Chrono Boost)  
  27  3:56  Zealot  
  27  3:57  Probe (Chrono Boost)  
  30  4:07  Probe (Chrono Boost)  
  31  4:19  Pylon  
  31  4:29  Cybernetics Core  
  31  4:50  Probe  
  32  4:58  Nexus  
  32  5:13  Probe  
  33  5:15  Warp Gate (Chrono Boost)  
  33  5:30  Twilight Council  
  33  5:32  Stalker (Chrono Boost)  
  37  5:41  Stalker (Chrono Boost)  
  37  5:53  Probe  
  38  6:00  Stalker  
  38  6:04  Stalker  
  36  6:05  Probe  
  36  6:06  Blink (Chrono Boost)  
  39  6:25  Probe (Chrono Boost)  
  41  6:34  Probe x2 (Chrono Boost)  
  42  6:41  Gateway, Probe  
  42  6:44  Pylon  
  43  6:54  Assimilator  
  43  7:11  Dark Shrine  
  43  7:13  Probe (Chrono Boost)  
  43  7:14  Probe (Chrono Boost)  
  47  7:23  Probe (Chrono Boost)  
  47  7:25  Probe (Chrono Boost)  
  47  7:35  Probe x2  
  49  7:47  Assimilator, Probe x2  
  49  7:50  Stalker x3  
  57  7:57  Protoss Shields Level 1 (Chrono Boost)  
  57  8:03  Charge (Chrono Boost)  
  57  8:25  Dark Templar x3  
  63  8:31  Nexus  
  63  8:39  Pylon  
  63  8:49  Probe  
  63  8:50  Probe  
  63  8:51  Shadow Stride (Chrono Boost)  
  65  9:01  Probe  
  66  9:05  Gateway  
  66  9:06  Gateway  
  66  9:08  Gateway  
  66  9:10  Gateway  
  66  9:13  Gateway  
  66  9:20  Dark Templar x2  
  66  9:21  Dark Templar  
  70  9:50  Protoss Ground Weapons Level 2 (Chrono Boost)  
  70  10:04  Probe x3  
  73  10:19  Dark Templar  
  73  10:20  Dark Templar x2  
  79  10:25  Dark Templar x5  
  89  10:48  Pylon  
  89  10:55  Pylon  
  89  10:57  Pylon  
  89  10:59  Assimilator  
  89  11:00  Assimilator  
  89  11:04  Archon x2  
  89  11:05  Archon  
  89  11:06  Pylon  
  89  11:07  Archon  
  89  11:08  Archon  
  89  11:10  Pylon, Dark Templar x2  
  93  11:11  Dark Templar x3  
  99  11:31  Archon x2  
  99  11:34  Stalker x3  
  103  11:51  Zealot x3  
  103  11:52  Zealot  
  103  11:53  Zealot  
  113  11:59  Probe x3  
  116  12:10  Dark Templar x2  
  116  12:11  Probe, Dark Templar  
  123  12:17  Dark Templar x2  
  123  12:18  Zealot x2  
  123  12:19  Zealot  
  133  12:25  Protoss Ground Weapons Level 3 (Chrono Boost)  
  133  12:50  Archon  
  133  12:52  Zealot x2  
  133  12:53  Zealot x6  
  149  13:10  Pylon  
  149  13:19  Pylon  
  139  13:35  Zealot x6  
  139  13:36  Zealot  
  89  14:04  Zealot  
  89  14:05  Zealot  
  89  14:06  Zealot x3  
  89  14:08  Zealot  
  101  14:14  Archon  
  95  14:34  Dark Templar  
  95  14:35  Dark Templar x6  
  95  14:37  Dark Templar  
  109  14:45  Photon Cannon  
  109  14:52  Probe x2  
  111  14:53  Probe  
  111  14:55  Photon Cannon  
  112  15:04  Probe  
  113  15:08  Assimilator  
  113  15:11  Dark Templar x4  
  113  15:12  Assimilator, Dark Templar x3  
  127  15:21  Zealot  
  129  15:23  Nexus  
  129  15:24  Archon  
  129  15:35  Nexus  
  129  15:44  Zealot  
  129  15:45  Zealot  
  129  15:46  Zealot  
  129  15:48  Zealot x4  
  129  15:49  Zealot  
  135  16:13  Archon x4  
  135  16:14  Archon x2  
  135  16:17  Stalker x4  
  135  16:18  Stalker  
  133  16:40  Dark Templar x3  
  133  16:41  Dark Templar x2  
  133  16:43  Dark Templar  
  145  16:56  Assimilator  
  137  17:09  Probe (Chrono Boost)  
  123  17:17  Archon x2  
  123  17:19  Probe (Chrono Boost)  
  123  17:20  Archon  
  124  17:24  Probe (Chrono Boost)  
  99  17:56  Dark Shrine  
  99  17:57  Probe (Chrono Boost)  
  82  18:07  Probe (Chrono Boost)  
  82  18:12  Probe (Chrono Boost)  
  56  18:28  Probe  
  56  18:44  Probe x2 (Chrono Boost)  
  56  18:47  Probe (Chrono Boost)  
  56  18:48  Probe x2 (Chrono Boost)  
  60  18:54  Probe (Chrono Boost)  
  60  18:55  Pylon, Probe (Chrono Boost)  
  62  18:58  Stalker x3  
  62  18:59  Stalker x2  
  72  19:09  Photon Cannon  
  72  19:16  Dark Templar x2  
  76  19:17  Dark Templar  
  78  19:37  Dark Templar x5  
  88  20:05  Dark Templar x3  
  94  20:07  Archon  
  94  20:08  Archon  
  94  20:11  Dark Templar x2  
  98  20:21  Dark Templar x2  
  98  20:22  Dark Templar  
  98  20:24  Archon x3  
  104  20:43  Dark Templar x2  
  104  20:44  Dark Templar x3  
  98  21:00  Stalker x2  
  98  21:01  Stalker  
  93  21:20  Archon x2  
  93  21:21  Archon x3  
  93  21:29  Dark Templar x2  
  87  21:49  Dark Templar  
  87  21:52  Zealot x5  
  99  22:05  Probe (Chrono Boost)  
  100  22:14  Probe (Chrono Boost)  
  100  22:15  Probe (Chrono Boost)  
  102  22:17  Dark Templar  
  102  22:19  Dark Templar  
  102  22:21  Probe (Chrono Boost)  
  102  22:22  Archon  
  108  22:23  Probe (Chrono Boost)  
  108  22:26  Zealot x4, Probe (Chrono Boost)  
  108  22:27  Zealot x2  
  121  22:31  Probe  
  92  23:04  Stalker  
  92  23:05  Stalker x5  
  98  23:06  Stalker  
  102  23:14  Dark Templar  
  91  23:48  Stalker x2  
  91  23:49  Stalker  
  91  23:50  Stalker x2  
  91  23:52  Stalker  
  91  23:53  Stalker  
  91  23:54  Stalker  
  97  24:17  Dark Templar x7  
  99  24:18  Dark Templar  
  105  25:01  Nexus  
  101  25:12  Dark Templar x5  
  111  25:28  Dark Templar  
  113  25:29  Dark Templar  
  105  25:52  Dark Templar  
  105  25:54  Zealot  
  82  26:34  Archon  
  62  26:52  Dark Templar x4  
  64  28:06  Archon  
  64  28:16  Probe (Chrono Boost)  
  65  28:26  Probe (Chrono Boost)  
  66  28:32  Pylon  
  66  28:44  Gateway  
  66  28:45  Gateway  
  66  28:47  Gateway  
  66  28:53  Gateway  
  52  29:16  Pylon  
  52  29:24  Robotics Facility, Probe (Chrono Boost)  
  51  29:50  Dark Templar x3  
  53  30:05  Stalker x2  
  44  30:18  Archon x3  
Tags
 
Add a new tag
Caveats
  • Supply blocks, unpowered buildings, or Contaminate may cause inaccurate times.
  • Supply counts are checked every 10 seconds.